Map: Efflorescence LE

Players

palooaloo - Winner!

  • Race: Protoss Protoss
  • League: Platinum
  • Spawn Location: 3:00

Lambo - Winner!

  • Race: Zerg Zerg
  • Spawn Location: 12:00

qqq

  • Race: Zerg Zerg
  • Spawn Location: 6:00

Massa

  • Race: Terran Terran
  • League: Platinum
  • Spawn Location: 9:00

VOD

Have the link to the VOD?

Description

Time

  • Played on: Oct. 20, 2020, 3:33 p.m.
  • Length: 7:41
Show
View Real Time Build Order
Export as new Build Order

palooaloo Protoss - Winner!

Build Orders: Blink Stalkers 

Get SALT Encoding   

  12  0:00  Probe  
  13  0:13  Probe  
  14  0:21  Pylon  
  14  0:25  Probe  
  15  0:39  Probe (Chrono Boost)  
  16  0:47  Gateway  
  16  0:51  Probe (Chrono Boost)  
  16  0:55  Assimilator  
  17  0:59  Probe (Chrono Boost)  
  18  1:06  Probe  
  19  1:18  Probe (Chrono Boost)  
  20  1:26  Gateway, Assimilator  
  20  1:29  Probe (Chrono Boost)  
  21  1:34  Probe (Chrono Boost)  
  21  1:35  Cybernetics Core  
  21  1:39  Pylon  
  22  1:44  Probe  
  23  1:57  Probe  
  24  2:14  Warp Gate  
  24  2:15  Twilight Council  
  24  2:17  Adept  
  24  2:18  Adept  
  24  2:21  Probe  
  29  2:47  Blink (Chrono Boost)  
  29  2:52  Pylon  
  29  2:58  Pylon  
  29  3:00  Stalker  
  31  3:10  Stalker  
  33  3:14  Gateway  
  33  3:20  Gateway  
  33  4:09  Pylon  
  33  4:18  Stalker x2  
  33  4:19  Stalker x2  
  33  4:22  Pylon  
  41  4:50  Stalker x4  
  49  5:16  Stalker x3  
  49  5:17  Stalker  
  51  5:49  Stalker  
  53  5:50  Stalker x3  
  57  6:33  Nexus  
  51  7:16  Pylon  
Show
View Real Time Build Order
Export as new Build Order

Lambo Zerg - Winner!

Build Orders: Pool First 

Get SALT Encoding   

  12  0:00  Drone  
  13  0:10  Drone  
  14  0:26  Spawning Pool  
  13  0:34  Overlord  
  13  0:42  Drone  
  14  0:53  Drone x2  
  16  0:57  Extractor  
  16  0:58  Drone  
  16  1:13  Queen  
  18  1:29  Hatchery  
  17  1:36  Zergling x2  
  18  1:44  Zergling x4  
  20  2:02  Metabolic Boost  
  20  2:04  Zergling x2  
  20  2:05  Zergling x2  
  22  2:11  Overlord  
  22  2:23  Overlord  
  22  2:45  Queen  
  22  2:51  Zergling x8  
  28  3:01  Baneling Nest  
  27  3:06  Drone  
  27  3:07  Drone x3  
  31  3:25  Extractor  
  30  3:45  Zergling x2  
  30  3:46  Zergling x8  
  35  4:01  Drone x2  
  35  4:02  Drone  
  38  4:04  Overlord  
  38  4:16  Baneling x5  
  38  4:27  Drone x4  
  38  4:30  Overlord x2  
  39  4:45  Drone, Roach Warren  
  39  4:47  Drone  
  40  4:59  Zergling x8  
  33  5:28  Roach  
  35  5:29  Roach x5  
  41  6:04  Lair  
  41  6:08  Roach  
  41  6:09  Roach x6  
  55  6:23  Zergling x2  
  55  6:24  Zergling x10  
  60  7:00  Roach x3  
  60  7:01  Roach  
Show
View Real Time Build Order
Export as new Build Order

qqq Zerg 

Build Orders: Hatch First, Zergling Baneling 

Get SALT Encoding   

  12  0:01  Drone  
  13  0:10  Drone  
  14  0:39  Hatchery  
  13  0:44  Drone  
  14  0:58  Spawning Pool  
  13  1:06  Overlord  
  13  1:10  Drone  
  14  1:13  Extractor  
  14  1:17  Drone  
  14  1:25  Drone  
  15  1:46  Drone x2  
  17  1:58  Drone  
  17  1:59  Queen  
  19  2:02  Drone x2  
  21  2:11  Queen  
  23  2:16  Drone  
  23  2:19  Drone  
  25  2:24  Zergling x2  
  25  2:25  Drone  
  27  2:31  Metabolic Boost  
  27  2:40  Overlord  
  27  2:43  Drone  
  28  2:58  Drone  
  28  2:59  Drone x2  
  28  3:02  Zergling x4  
  33  3:11  Drone, Baneling Nest  
  33  3:12  Overlord  
  33  3:13  Zergling x2  
  33  3:15  Zergling x2  
  33  3:17  Drone  
  36  3:27  Overlord  
  36  3:32  Zergling x4  
  36  3:33  Zergling x4  
  36  3:34  Zergling x2  
  41  3:46  Zergling x2  
  41  3:47  Drone  
  43  3:58  Overlord x2  
  43  3:59  Zergling x2  
  43  4:00  Drone x3  
  47  4:06  Baneling x2  
  47  4:07  Baneling x6  
  47  4:08  Baneling  
  47  4:10  Overlord  
  47  4:19  Overlord  
  47  4:20  Zergling x4  
  47  4:21  Drone  
  50  4:28  Zergling x4  
  50  4:29  Drone  
  50  4:30  Drone  
  54  4:47  Lair  
  54  4:54  Drone x4  
  46  5:27  Zergling x4  
  46  5:28  Zergling x6  
  51  5:29  Drone x2, Zergling x6  
  51  5:30  Zergling x2  
  56  5:39  Zergling x2  
  56  5:49  Drone  
  55  5:50  Roach Warren  
  55  5:53  Extractor  
  55  5:54  Extractor  
  55  5:56  Zergling x2  
  53  5:57  Extractor, Zergling x4  
  54  6:12  Zergling x2  
  54  6:13  Zergling x4  
  49  6:49  Roach x3  
  49  6:50  Roach x4  
  49  6:51  Roach  
  59  6:57  Roach x3  
  65  7:02  Drone x2, Hatchery  
  65  7:03  Roach  
  65  7:04  Roach  
  65  7:05  Hatchery  
  68  7:15  Roach  
  69  7:16  Roach  
Show
View Real Time Build Order
Export as new Build Order

Massa Terran 

Build Orders:  

Get SALT Encoding   

  12  0:01  SCV  
  13  0:13  SCV  
  14  0:22  Supply Depot  
  14  0:25  SCV  
  15  0:44  SCV  
  15  0:46  Barracks  
  16  0:53  Refinery  
  16  0:54  Refinery  
  16  0:56  SCV  
  17  1:08  SCV  
  18  1:20  SCV  
  19  1:32  SCV  
  20  1:34  Marine, Supply Depot  
  21  1:47  Orbital Command  
  21  1:50  Factory  
  21  1:55  Reaper  
  22  2:01  Supply Depot  
  22  2:14  SCV  
  23  2:26  SCV  
  23  2:28  Barracks Reactor  
  24  2:51  Factory Reactor  
  24  2:58  Command Center  
  24  3:10  SCV  
  25  3:18  Starport  
  25  3:20  Barracks  
  25  3:22  SCV  
  26  3:27  Marine x2  
  26  3:29  Hellion x2  
  31  3:45  Marine, Supply Depot  
  31  3:47  Supply Depot  
  32  3:51  Hellion  
  32  3:55  Hellion  
  36  4:01  Marine  
  37  4:09  Barracks Tech Lab  
  37  4:16  SCV  
  37  4:17  SCV  
  39  4:19  Marine  
  40  4:28  SCV  
  41  4:50  Hellion x2, Marine x2  
  47  4:59  SCV  
  49  5:02  Orbital Command  
  48  5:08  Marine x2  
  48  5:11  SCV, Hellion x2  
  48  5:12  Stimpack  
  54  5:18  Medivac  
  44  5:59  Marauder, Marine  
  40  6:08  Bunker  
  38  6:16  SCV  
  40  6:20  Marauder  
  40  6:28  SCV  
  37  6:33  Widow Mine  
  39  6:42  Marauder  
  41  6:49  Bunker  
  33  7:03  Marauder  
  31  7:15  Barracks  
  24  7:16  Supply Depot  
  24  7:18  Factory Tech Lab, Supply Depot  
Tags
 
Add a new tag
Caveats
  • Supply blocks, unpowered buildings, or Contaminate may cause inaccurate times.
  • Supply counts are checked every 10 seconds.